TOP OF THE 1ST |
Yellowknife Claws batting - Pitching for Pittsburgh Killa Beez : LHP António Ruíz
|
Pitching: LHP António Ruíz
|
|
Batting: SHB José Castillo
|
0-0: Ball 1-0: Ball 2-0: Ground out 1-3 (Groundball, 13S)
|
Batting: LHB Howard White
|
0-0: Called Strike 0-1: Ball 1-1: Foul Ball, location: 2F 1-2: Strikes out swinging
|
Batting: LHB Carter Sweet
|
0-0: Ground out U3 (Groundball, 3)
|
Top of the 1st over - 0 run(s), 0 hit(s), 0 error(s), 0 left on base; Yellowknife 0 - Pittsburgh 0 |
BOTTOM OF THE 1ST |
Pittsburgh Killa Beez batting - Pitching for Yellowknife Claws : LHP Stanley Wise
|
Pitching: LHP Stanley Wise
|
|
Batting: RHB Stan Taylor
|
0-0: Fly out, F7 (Flyball, 7LM)
|
Batting: RHB Gustavo Valle
|
0-0: Foul Ball, location: 2F 0-1: Ball 1-1: SINGLE (Groundball, 5D)
|
Batting: RHB Ricardo Rodríguez
|
0-0: Called Strike 0-1: Ball 1-1: Fly out, F8 (Flyball, 8LM)
|
Batting: RHB Jorge Barbosa
|
0-0: Swinging Strike 0-1: Ball 1-1: DOUBLE (Line Drive, 7D) Gustavo Valle to third Runner from 3rd tries for Home, SAFE, throw made home
|
Batting: RHB César Martínez
|
0-0: Called Strike 0-1: SINGLE (Line Drive, 8LS) Jorge Barbosa to third Throwing error, E8 Jorge Barbosa scores César Martínez to second
|
Batting: RHB Steve Stephens
|
0-0: Swinging Strike 0-1: Ball 1-1: Ball 2-1: Ground out 4-3 (Groundball, 4)
|
Bottom of the 1st over - 2 run(s), 3 hit(s), 1 error(s), 1 left on base; Yellowknife 0 - Pittsburgh 2 |
TOP OF THE 2ND |
Yellowknife Claws batting - Pitching for Pittsburgh Killa Beez : LHP António Ruíz
|
Batting: SHB Héctor Padilla
|
0-0: Ball 1-0: Called Strike 1-1: Ball 2-1: Ball 3-1: Foul Ball, location: 2F 3-2: Strikes out swinging
|
Batting: RHB Scotty Hicks
|
0-0: Ball 1-0: Ball 2-0: Ground out 6-3 (Groundball, 6M)
|
Batting: LHB Juan Lima
|
0-0: Ball 1-0: Foul Ball, location: 2F 1-1: Ground out 4-3 (Groundball, 4)
|
Top of the 2nd over - 0 run(s), 0 hit(s), 0 error(s), 0 left on base; Yellowknife 0 - Pittsburgh 2 |
BOTTOM OF THE 2ND |
Pittsburgh Killa Beez batting - Pitching for Yellowknife Claws : LHP Stanley Wise
|
Batting: RHB Salvador Rodríguez
|
0-0: Swinging Strike 0-1: Ground out 6-3 (Groundball, 6)
|
Batting: LHB Dale Miller
|
0-0: Ball 1-0: Called Strike 1-1: SINGLE (Groundball, 6M)
|
Batting: RHB Kyle Baylor
|
0-0: Called Strike 0-1: Ball 1-1: Ball 2-1: SINGLE (Line Drive, 4M) Dale Miller to second
|
Batting: RHB Stan Taylor
|
0-0: Ball Dale Miller steals 3rd base Kyle Baylor to second 1-0: Ball 2-0: Called Strike 2-1: Foul Ball, location: 2F 2-2: Ball Wild Pitch! Dale Miller scores Kyle Baylor to third 3-2: SINGLE (Flyball, 8LS) Kyle Baylor scores
|
Batting: RHB Gustavo Valle
|
0-0: Foul Ball, location: 2F 0-1: Ball 1-1: Called Strike 1-2: Ball Stan Taylor steals 2nd base 2-2: Ball 3-2: Base on Balls
|
Batting: RHB Ricardo Rodríguez
|
0-0: Ball Gustavo Valle is caught stealing 2nd base 1-0: Ground out 5-3 (Groundball, 5S)
|
Bottom of the 2nd over - 2 run(s), 3 hit(s), 0 error(s), 1 left on base; Yellowknife 0 - Pittsburgh 4 |
TOP OF THE 3RD |
Yellowknife Claws batting - Pitching for Pittsburgh Killa Beez : LHP António Ruíz
|
Batting: RHB Fernando Álvarez
|
0-0: Bunted foul 0-1: Foul Ball, location: 2F 0-2: SINGLE (Groundball, 4MD) (infield hit)
|
Batting: RHB Charlie Pérez
|
0-0: Called Strike 0-1: Ball 1-1: Swinging Strike 1-2: Fly out, F7 (Flyball, 7M)
|
Batting: RHB Cris Lugo
|
0-0: Called Strike 0-1: Called Strike 0-2: Ball 1-2: Fielders Choice at 2nd, 6-4 (Groundball, 6M)
|
Batting: SHB José Castillo
|
0-0: Called Strike 0-1: Ball 1-1: Fly out, F6 (Line Drive, 6)
|
Top of the 3rd over - 0 run(s), 1 hit(s), 0 error(s), 1 left on base; Yellowknife 0 - Pittsburgh 4 |
BOTTOM OF THE 3RD |
Pittsburgh Killa Beez batting - Pitching for Yellowknife Claws : LHP Stanley Wise
|
Batting: RHB Jorge Barbosa
|
0-0: Swinging Strike 0-1: Ball 1-1: Ball 2-1: Ground out 6-3 (Groundball, 6M)
|
Batting: RHB César Martínez
|
0-0: Called Strike 0-1: SINGLE (Groundball, 6MD)
|
Batting: RHB Steve Stephens
|
0-0: Ball 1-0: Foul Ball, location: 2F 1-1: Ball 2-1: SINGLE (Groundball, 6D) César Martínez to second
|
Batting: RHB Salvador Rodríguez
|
0-0: Swinging Strike Passed Ball! César Martínez to third Steve Stephens to second 0-1: Foul Ball, location: 2F Single, Error in OF, E8, batter to second base César Martínez scores Steve Stephens scores
|
Batting: LHB Dale Miller
|
0-0: Called Strike 0-1: Ball 1-1: SINGLE (Line Drive, 34D) Salvador Rodríguez to third Runner from 3rd tries for Home, SAFE, no throw or cutoff
|
Batting: RHB Kyle Baylor
|
0-0: Called Strike 0-1: Called Strike 0-2: DOUBLE (Groundball, 3L) Dale Miller to third
|
Batting: RHB Stan Taylor
|
0-0: SINGLE (Groundball, 56D) Dale Miller scores Kyle Baylor to third Runner from 3rd tries for Home, SAFE, no throw or cutoff
|
Batting: RHB Gustavo Valle
|
0-0: Called Strike 0-1: Ball 1-1: Ball 2-1: Swinging Strike 2-2: Foul Ball, location: 2F 2-2: Fly out, F2 (Popup, 2RF)
|
Pitching: RHP Bob Bishop
|
|
Batting: RHB Ricardo Rodríguez
|
0-0: Foul Ball, location: 2F 0-1: Swinging Strike 0-2: Ball Stan Taylor steals 2nd base 1-2: Ball 2-2: Foul Ball, location: 2F 2-2: SINGLE (Line Drive, 6M) Stan Taylor to third Runner from 3rd tries for Home, SAFE, no throw or cutoff
|
Batting: RHB Jorge Barbosa
|
0-0: Ball 1-0: Called Strike 1-1: Called Strike 1-2: Foul Ball, location: 2F 1-2: Foul Ball, location: 2F 1-2: Foul Ball, location: 2F 1-2: Foul Ball, location: 2F 1-2: Ball 2-2: Fly out, F4 (Popup, 34)
|
Bottom of the 3rd over - 6 run(s), 7 hit(s), 1 error(s), 1 left on base; Yellowknife 0 - Pittsburgh 10 |
TOP OF THE 4TH |
Yellowknife Claws batting - Pitching for Pittsburgh Killa Beez : LHP António Ruíz
|
Batting: LHB Howard White
|
0-0: Ball 1-0: Ball 2-0: Called Strike 2-1: Called Strike 2-2: Foul Ball, location: 2F 2-2: Ball 3-2: Base on Balls
|
Batting: LHB Carter Sweet
|
0-0: SINGLE (Line Drive, 34D) Howard White to second
|
Batting: SHB Héctor Padilla
|
0-0: Called Strike 0-1: Called Strike 0-2: DOUBLE (Line Drive, 9LD) Howard White scores Carter Sweet to third Runner from 3rd tries for Home, SAFE, throw made home
|
Batting: RHB Scotty Hicks
|
0-0: Called Strike 0-1: Foul Ball, location: 2F 0-2: SINGLE (Groundball, 6) Héctor Padilla to third
|
Batting: LHB Juan Lima
|
0-0: Called Strike 0-1: Ball 1-1: Fly out, F7 (Flyball, 7S)
|
Batting: RHB Fernando Álvarez
|
0-0: Called Strike 0-1: Ball 1-1: Called Strike 1-2: Strikes out swinging
|
Batting: RHB Charlie Pérez
|
0-0: Ball Wild Pitch! Héctor Padilla scores Scotty Hicks to second 1-0: Ball 2-0: Called Strike 2-1: Ball 3-1: SINGLE (Flyball, 8LS) Scotty Hicks to third Runner from 3rd tries for Home, SAFE, no throw or cutoff
|
Batting: RHB Cris Lugo
|
0-0: Foul Ball, location: 2F 0-1: Fielders Choice at 2nd, U6 (Groundball, 6M)
|
Top of the 4th over - 4 run(s), 4 hit(s), 0 error(s), 1 left on base; Yellowknife 4 - Pittsburgh 10 |
BOTTOM OF THE 4TH |
Pittsburgh Killa Beez batting - Pitching for Yellowknife Claws : RHP Bob Bishop
|
Batting: RHB César Martínez
|
0-0: Called Strike 0-1: Ball 1-1: Ball 2-1: Foul Ball, location: 2F 2-2: Ball 3-2: Foul Ball, location: 2F 3-2: Base on Balls
|
Batting: RHB Steve Stephens
|
0-0: Ball 1-0: Called Strike 1-1: Foul Ball, location: 2F 1-2: Fly out, F8 (Flyball, 8RM)
|
Batting: RHB Salvador Rodríguez
|
0-0: Called Strike 0-1: Called Strike 0-2: Grounds into double play, 5-4-3 (Groundball, 56)
|
Bottom of the 4th over - 0 run(s), 0 hit(s), 0 error(s), 0 left on base; Yellowknife 4 - Pittsburgh 10 |
TOP OF THE 5TH |
Yellowknife Claws batting - Pitching for Pittsburgh Killa Beez : LHP António Ruíz
|
Batting: SHB José Castillo
|
0-0: Ball 1-0: Ball 2-0: Called Strike 2-1: Ball 3-1: Foul Ball, location: 2F 3-2: Ground out 1-3 (Groundball, 13)
|
Batting: LHB Howard White
|
0-0: Called Strike 0-1: Swinging Strike 0-2: Ball 1-2: Strikes out looking
|
Batting: LHB Carter Sweet
|
0-0: Foul Ball, location: 2F 0-1: Ball 1-1: Foul Ball, location: 2F 1-2: SINGLE (Line Drive, 89S)
|
Batting: SHB Héctor Padilla
|
0-0: 2-RUN HOME RUN (Flyball, 7LD), Distance : 350 ft
|
Pitching: LHP Bob Franklin
|
|
Batting: RHB Scotty Hicks
|
0-0: Called Strike 0-1: Foul Ball, location: 2F 0-2: SINGLE (Line Drive, 8RS)
|
Batting: LHB Juan Lima
|
0-0: Called Strike 0-1: Ball 1-1: Ball Scotty Hicks is caught stealing 2nd base
|
Top of the 5th over - 2 run(s), 3 hit(s), 0 error(s), 0 left on base; Yellowknife 6 - Pittsburgh 10 |
BOTTOM OF THE 5TH |
Pittsburgh Killa Beez batting - Pitching for Yellowknife Claws : RHP Bob Bishop
|
Batting: LHB Dale Miller
|
0-0: Called Strike 0-1: Foul Ball, location: 2F 0-2: Strikes out swinging
|
Batting: RHB Kyle Baylor
|
0-0: Ball 1-0: Called Strike 1-1: Ball 2-1: Ball 3-1: Foul Ball, location: 2F 3-2: Ground out 6-3 (Groundball, 56)
|
Batting: RHB Stan Taylor
|
0-0: Ball 1-0: Called Strike 1-1: Foul Ball, location: 2F 1-2: Ball 2-2: SINGLE (Groundball, 4M)
|
Batting: RHB Gustavo Valle
|
0-0: Called Strike 0-1: Fielders Choice at 2nd, U6 (Groundball, 6M)
|
Bottom of the 5th over - 0 run(s), 1 hit(s), 0 error(s), 1 left on base; Yellowknife 6 - Pittsburgh 10 |
TOP OF THE 6TH |
Yellowknife Claws batting - Pitching for Pittsburgh Killa Beez : LHP Bob Franklin
|
Batting: LHB Juan Lima
|
0-0: Called Strike 0-1: Ball 1-1: Ball 2-1: Called Strike 2-2: SINGLE (Line Drive, 89M)
|
Batting: RHB Fernando Álvarez
|
0-0: Fly out, F3 (Popup, 3DF)
|
Batting: RHB Charlie Pérez
|
0-0: Called Strike 0-1: Foul Ball, location: 2F 0-2: Ball 1-2: 2-RUN HOME RUN (Flyball, 7D), Distance : 378 ft
|
Batting: RHB Cris Lugo
|
0-0: SINGLE (Line Drive, 6MD)
|
Batting: SHB José Castillo
|
0-0: Ball 1-0: Ball 2-0: Called Strike 2-1: Swinging Strike 2-2: Ball 3-2: Strikes out swinging
|
Batting: LHB Howard White
|
0-0: Ball 1-0: Ball Cris Lugo is caught stealing 2nd base
|
Top of the 6th over - 2 run(s), 3 hit(s), 0 error(s), 0 left on base; Yellowknife 8 - Pittsburgh 10 |
BOTTOM OF THE 6TH |
Pittsburgh Killa Beez batting - Pitching for Yellowknife Claws : RHP Bob Bishop
|
Batting: RHB Ricardo Rodríguez
|
0-0: Ball 1-0: Called Strike 1-1: Fly out, F9 (Popup, 9S)
|
Batting: RHB Jorge Barbosa
|
0-0: Ball 1-0: Swinging Strike 1-1: Ball 2-1: Ball 3-1: Base on Balls
|
Batting: RHB César Martínez
|
0-0: Called Strike 0-1: 2-RUN HOME RUN (Flyball, 7LD), Distance : 358 ft
|
Batting: RHB Steve Stephens
|
0-0: Ground out 4-3 (Groundball, 4)
|
Batting: RHB Salvador Rodríguez
|
0-0: Ball 1-0: Foul Ball, location: 2F 1-1: Foul Ball, location: 2F 1-2: Foul Ball, location: 2F 1-2: Fly out, F3 (Popup, 3S)
|
Bottom of the 6th over - 2 run(s), 1 hit(s), 0 error(s), 0 left on base; Yellowknife 8 - Pittsburgh 12 |
TOP OF THE 7TH |
Yellowknife Claws batting - Pitching for Pittsburgh Killa Beez : LHP Bob Franklin
|
Batting: LHB Howard White
|
0-0: Ball 1-0: Ball 2-0: Called Strike 2-1: Ball 3-1: Foul Ball, location: 2F 3-2: SINGLE (Line Drive, 4MD)
|
Batting: LHB Carter Sweet
|
0-0: 2-RUN HOME RUN (Flyball, 9D), Distance : 328 ft
|
Pitching: LHP Vernon Mathis
|
|
Batting: SHB Héctor Padilla
|
0-0: Called Strike 0-1: Foul Ball, location: 2F 0-2: Strikes out swinging
|
Batting: RHB Scotty Hicks
|
0-0: Ball 1-0: Ball 2-0: Foul Ball, location: 2F 2-1: DOUBLE (Line Drive, 5L)
|
Batting: LHB Juan Lima
|
0-0: Swinging Strike 0-1: Foul Ball, location: 2F 0-2: SINGLE (Flyball, 8RS) Scotty Hicks to third Runner from 3rd tries for Home, SAFE, no throw or cutoff
|
Batting: RHB Fernando Álvarez
|
0-0: Ball 1-0: Called Strike 1-1: Foul Ball, location: 2F 1-2: Strikes out swinging
|
Pinch Hitting: RHB Carlos Uribe
|
0-0: Ball 1-0: Foul Ball, location: 2F 1-1: Ground out 5-3 (Groundball, 56)
|
Top of the 7th over - 3 run(s), 4 hit(s), 0 error(s), 1 left on base; Yellowknife 11 - Pittsburgh 12 |
TOP OF THE 8TH |
Yellowknife Claws batting - Pitching for Pittsburgh Killa Beez : LHP Vernon Mathis
|
Now at 2B: Brian Harvey
|
|
Batting: RHB Cris Lugo
|
0-0: Ball 1-0: Foul Ball, location: 2F 1-1: Called Strike 1-2: Strikes out swinging
|
Batting: SHB José Castillo
|
0-0: Called Strike 0-1: Ball 1-1: Ball 2-1: SINGLE (Line Drive, 78S)
|
Batting: LHB Howard White
|
0-0: Ball 1-0: Swinging Strike 1-1: Foul Ball, location: 2F 1-2: Foul Ball, location: 2F 1-2: Strikes out swinging
|
Batting: LHB Carter Sweet
|
0-0: Ball 1-0: Ball 2-0: Ball 3-0: Called Strike 3-1: Base on Balls José Castillo to second
|
Batting: SHB Héctor Padilla
|
0-0: Foul Ball, location: 2F 0-1: Ball 1-1: Ball 2-1: Ball 3-1: Fly out, F7 (Flyball, 7D)
|
Top of the 8th over - 0 run(s), 1 hit(s), 0 error(s), 2 left on base; Yellowknife 11 - Pittsburgh 14 |
BOTTOM OF THE 8TH |
Pittsburgh Killa Beez batting - Pitching for Yellowknife Claws : RHP Bob Bishop
|
Batting: RHB César Martínez
|
0-0: Called Strike 0-1: Ball 1-1: Ball 2-1: Ball 3-1: Base on Balls
|
Batting: RHB Steve Stephens
|
0-0: Ground out U3 (Groundball, 3S) César Martínez to second
|
Batting: RHB Salvador Rodríguez
|
0-0: Ball 1-0: Swinging Strike 1-1: Fly out, F8 (Line Drive, 8LM)
|
Batting: LHB Dale Miller
|
0-0: Fly out, F7 (Flyball, 78M)
|
Bottom of the 8th over - 0 run(s), 0 hit(s), 0 error(s), 1 left on base; Yellowknife 11 - Pittsburgh 14 |
TOP OF THE 9TH |
Yellowknife Claws batting - Pitching for Pittsburgh Killa Beez : LHP Vernon Mathis
|
Pitching: RHP Earnest Bernhardt
|
|
Batting: RHB Scotty Hicks
|
0-0: Ball 1-0: Called Strike 1-1: SINGLE (Flyball, 6MD)
|
Batting: LHB Juan Lima
|
0-0: Ball 1-0: Ball 2-0: Called Strike 2-1: Ball 3-1: Base on Balls Scotty Hicks to second
|
Batting: RHB Fernando Álvarez
|
0-0: Grounds into double play, 5-4-3 (Groundball, 5) Scotty Hicks to third
|
Batting: RHB Carlos Uribe
|
0-0: Called Strike 0-1: Ball 1-1: Ball 2-1: Fly out, F8 (Line Drive, 8LS)
|
Top of the 9th over - 0 run(s), 1 hit(s), 0 error(s), 1 left on base; Yellowknife 11 - Pittsburgh 14 |
|